 Dungeon Crawl Stone Soup version 0.29.0 (webtiles) character file.

Game seed: 16127061740336899996

385 worthlessgem the Changer (level 6, 0/37 HPs)
             Began as a Felid Transmuter on Aug 25, 2022.
             Was a Follower of Qazlal.
             Succumbed to an adder's poison
             ... on level 4 of the Dungeon.
             The game lasted 00:32:20 (5292 turns).

worthlessgem the Changer (Felid Transmuter)         Turns: 5292, Time: 00:32:20

Health: 0/37       AC: 23    Str:  8    XL:     6   Next: 48%
Magic:  9/10       EV:  4    Int: 14    God:    Qazlal [*.....]
Gold:   211        SH:  2    Dex: 17    Spells: 3/9 levels left
                                        Lives:  0   Deaths: 1

rFire   . . .      SeeInvis +     - Unarmed
rCold   . . .      Faith    .   (shield unavailable)
rNeg    . . .      Spirit   .   (body armour unavailable)
rPois   +          Reflect  .   (helmet unavailable)
rElec   .          Harm     .   (cloak unavailable)
rCorr   .          Rampage  .   (gloves unavailable)
Will    .....      NoTele   +   (boots unavailable)
Stlth   +.........              (no amulet)
HPRegen 0.12/turn               (no ring)
MPRegen 0.12/turn               (no ring)

@: brilliant, lethally poisoned (0 -> -4), tree-form
A: stationary, stasis, torment immunity, boosted hp, very small, (claws 1),
(fangs 3), see invisible, (speed 1), (shaggy fur 2), (stealthy paws), no weapons
or thrown items, no armour, multi-lived
a: Renounce Religion


You were on level 4 of the Dungeon.
You worshipped Qazlal.
Qazlal was aware of your devotion.
You were a tree.
You visited 1 branch of the dungeon, and saw 4 of its levels.

You collected 211 gold pieces.

Inventory:

Wands
 i - a wand of quicksilver (2)
Scrolls
 d - 3 scrolls of teleportation {unknown}
 e - a scroll of blinking {unknown}
Potions
 b - a potion of haste
 c - a potion of attraction


   Skills:
 - Level 1.0 Fighting
 - Level 2.6 Dodging
 - Level 3.0 Unarmed Combat
 - Level 2.0 Spellcasting
 * Level 6.9 Transmutations
 + Level 3.3 Ice Magic
 - Level 1.0 Poison Magic


You had 3 spell levels left.
You knew the following spells:

 Your Spells              Type           Power      Damage    Failure   Level
a - Beastly Appendage     Tmut           62%        N/A       1%          1
b - Wereblood             Tmut           31%        N/A       1%          2
c - Spider Form           Tmut/Pois      18%        N/A       14%         3

Your spell library contained the following spells:

 Spells                   Type           Power      Damage    Failure   Level
 Necrotise                Necr           8%         1d4       24%         1
 Vampiric Draining        Necr           2%         2d6       56%         3
 Ice Form                 Ice/Tmut       23%        N/A       28%         4
 Agony                    Necr           2%         N/A       100%        5


Dungeon Overview and Level Annotations

Branches:
Dungeon (4/15)             Temple (0/1) D:4

Altars:
Dithmenos
Qazlal
Xom

Annotations:
D:4 exclusion: oklob sapling


Innate Abilities, Weirdness & Mutations

You are a tree.
Your roots penetrate the ground, keeping you stationary.
You cannot be teleported.
You are immune to unholy pain and torment.
Your maximum health is greatly increased.
((You have sharp claws.))
((You have razor-sharp teeth.))
You have supernaturally acute eyesight. (SInv)
((You cover ground quickly. (Speed+)))
((You are covered in thick fur. (AC +2)))
((Your paws help you pounce on unaware monsters.))
You are incapable of wielding weapons or throwing items.
You cannot wear armour.
You gain extra lives every three experience levels.


Message History

It was a potion of flight.
You feel very buoyant.
You fly up into the air.
You feel very sick.
The adder looks more healthy.
The adder barely misses you.
Okay, then.
It was a potion of brilliance.
You feel clever all of a sudden.
You feel very sick. The adder completely misses you.
You miss the adder.
The adder is heavily wounded.
You feel very sick. The adder completely misses you.
The adder attacks as you move away! The adder closely misses you.
* * * LOW HITPOINT WARNING * * *
You feel sick.
* * * LOW HITPOINT WARNING * * *
You feel sick.
Okay, then.
Okay, then.
Okay, then.
Really quaff the potion of lignification?
You turn into a tree.
Your roots penetrate the ground.
You feel sick. The adder bites you.
* * * LOW HITPOINT WARNING * * *
The adder bites you.
* * * LOW HITPOINT WARNING * * *
Unknown command.
Unknown command.
Unknown command.
You smack the adder!
You kill the adder!
Qazlal accepts your kill.
* * * LOW HITPOINT WARNING * * *
You feel sick.
Your life force feels restored.
You cannot move.
Unknown command.
You die...

.....# #.# #.#
.....# #.#
..#.. .....#
#.# #.#.#
.....# #.#
#.#.# .....#
#.#.#.#.#
.....#
#.#.#.#'#######
...).#
#.#...!.......#
.....#
#.###.........#
.....# #.#
#♣°.......#
'##### #.#
#.†.......# .#
#.# #.........#
.# #)#
#.........# .#
#.# #.#+#######
.# #.###.### .#
#.#.....######
.#
#.#.#........#
.#
#.#.......<..#


There were no monsters in sight!

Vanquished Creatures
  A phantom (D:4)
  A necrophage (D:4)
  2 scorpions (D:4)
  A hound (D:4)
  An iguana (D:4)
  An orc wizard (D:4)
  An adder (D:4)
  7 gnolls
  3 worms
  3 dart slugs
  4 orcs
  4 endoplasms
  6 giant cockroaches
  10 goblins
  4 hobgoblins
  8 jackals
  4 kobolds
  2 quokkas
  10 ball pythons
  3 bats
  7 frilled lizards
  5 rats
88 creatures vanquished.

Vanquished Creatures (others)
  9 fungi (D:4)
  18 plants (D:4)
27 creatures vanquished.

Grand Total: 115 creatures vanquished

Notes
Turn   | Place    | Note
-------+----------+-------------------------------------------
     0 | D:1      | worthlessgem the Felid Transmuter began the quest for the
                  | Orb.
     0 | D:1      | Reached XP level 1. HP: 9/9 MP: 4/4
   902 | D:1      | Reached skill level 3 in Transmutations
   930 | D:1      | Reached XP level 2. HP: 12/12 MP: 4/6
  1129 | D:1      | Learned a level 2 spell: Wereblood
  1237 | D:1      | Reached XP level 3. HP: 15/15 MP: 5/7
  1241 | D:1      | Learned a level 3 spell: Spider Form
  1288 | D:1      | Reached skill level 4 in Transmutations
  2245 | D:2      | Reached XP level 4. HP: 18/19 MP: 6/8
  2406 | D:2      | Reached skill level 1 in Poison Magic
  3340 | D:3      | Found a faded altar of an unknown god.
  3463 | D:3      | Reached skill level 5 in Transmutations
  3820 | D:3      | Found a shimmering altar of Xom.
  3904 | D:3      | Prayed at the altar of an unknown god.
  3904 | D:3      | Became a worshipper of Qazlal Stormbringer
  3904 | D:3      | Reached * piety under Qazlal
  4005 | D:4      | Reached skill level 1 in Ice Magic
  4334 | D:4      | Noticed a phantom
  4423 | D:4      | Killed a phantom
  4424 | D:4      | Reached XP level 5. HP: 10/22 MP: 9/9
  4682 | D:4      | Found a staircase to the Ecumenical Temple.
  4880 | D:4      | Found a shadowy altar of Dithmenos.
  4903 | D:4      | Slain by a gnoll
  4904 | D:4      | Reached XP level 4. HP: -4/19 MP: 3/8
  4904 | D:4      | Noticed a scorpion
  4918 | D:4      | Reached skill level 6 in Transmutations
  4918 | D:4      | Reached XP level 5. HP: 19/22 MP: 6/9
  4975 | D:4      | Gained mutation: You are covered in thick fur. (AC +2)
                  | [Felid growth]
  4975 | D:4      | Reached XP level 6. HP: 15/25 MP: 6/10
  5291 | D:4      | HP: 1/36 [poisoned by an adder]
  5292 | D:4      | Succumbed to an adder's poison

Illustrated notes

Levels and vault maps discovered:
D:1:      dpeg_arrival_refuge, layout_basic, serial_glass, glass_columns_c,
          glass_columns_b
D:2:      layout_loops_cross
D:3:      layout_rooms, general_overflow_altar,
          ebering_ecumenical_altar_petrified
D:4:      layout_basic, mainiacjoe_overflow_alcove_4, trog_three_pillars_becter,
          minmay_temple_entry_oklob, minmay_stone_trees_medium

Skill      XL: |  1  2  3  4  5 |
---------------+----------------+-----
Transmutations | 3 4 6 |  6.9
Poison Magic   | 1 |  1.0
Ice Magic      | 1 3 |  3.3
Fighting       | |  1.0
Dodging        | |  2.6
Unarmed Combat | |  3.0
Spellcasting   | |  2.0

Action                   |  1- 3 |  4- 6 || total
-------------------------+-------+-------++-------
Melee: Unarmed           |    74 |   186 ||   260
       Headbutt          |     6 |     7 ||    13
       Bite              |     5 |     6 ||    11
       Punch             |     1 |     3 ||     4
 Cast: Beastly Appendage |    14 |    10 ||    24
       Spider Form       |     3 |    24 ||    27
       Wereblood         |     1 |       ||     1
 Abil: End Transformatio |       |     2 ||     2
Evoke: Wand              |       |     2 ||     2
  Use: Potion            |       |     8 ||     8
       Scroll            |       |     2 ||     2
 Stab: Sleeping          |     2 |     3 ||     5
Armor: Skin              |     2 |    12 ||    14
Dodge: Dodged            |    52 |   125 ||   177
Block: Other             |       |     4 ||     4
